 Dungeon Crawl Stone Soup version 0.28-a0-706-gf6f64a616a (webtiles) character file.

Game seed: 11193836284385659834

4 Demosthentine the Poker (level 1, -2/16 HPs)
             Began as a Merfolk Gladiator on Oct 25, 2021.
             Slain by a goblin (17 damage)
             ... on level 1 of the Dungeon.
             The game lasted 00:00:09 (137 turns).

Demosthentine the Poker (Merfolk Gladiator)          Turns: 137, Time: 00:00:09

Health: -2/16      AC:  4    Str: 14    XL:     1   Next: 70%
Magic:  1/1        EV: 13    Int:  7    God:
Gold:   33         SH:  0    Dex: 15    Spells: 0/0 levels left

rFire   . . .      SeeInvis .   a - +0 trident
rCold   . . .      Faith    .   (no shield)
rNeg    . . .      Spirit   .   b - +0 leather armour
rPois   .          Reflect  .   c - +0 helmet
rElec   .          Harm     .   (no cloak)
rCorr   .          Rampage  .   (no gloves)
Will    .....                   (no boots)
Stlth   +.........              (no amulet)
HPRegen 0.05/turn               (no ring)
MPRegen 0.07/turn               (no ring)

@: no status effects
A: (nimble swimmer 2), mertail
a: no special abilities


You were on level 1 of the Dungeon.
You visited 1 branch of the dungeon, and saw 1 of its levels.

You collected 33 gold pieces.

Inventory:

Hand Weapons
 a - a +0 trident (weapon)
Missiles
 d - 3 throwing nets (quivered)
Armour
 b - a +0 leather armour (worn)
 c - a +0 helmet (worn)


   Skills:
 + Level 2.3 Fighting
 + Level 4.5 Polearms
 - Level 2.0 Throwing
 + Level 0.2 Armour
 + Level 4.1 Dodging


You couldn't memorise any spells.
You didn't know any spells.
Your spell library contained the following spells:

 Spells                   Type           Power      Damage    Failure   Level
 Freeze                   Ice            0%         1d3       52%         1
 Frozen Ramparts          Ice            0%         1d2       87%         3
 Hailstorm                Conj/Ice       0%         3d3       99%         4


Dungeon Overview and Level Annotations

Branches:
Dungeon (1/15)

Altars:


Innate Abilities, Weirdness & Mutations

((You are quick and stealthy near water. (Stealth+, EV+, Speed+++)))
Your lower body shifts to a powerful aquatic tail in water.


Message History

An endoplasm is nearby!
The endoplasm quivers.
An endoplasm is nearby!
You reach to attack!
You hit the endoplasm.
The endoplasm is moderately wounded.
An endoplasm is nearby!
You hit the endoplasm.
You kill the endoplasm!
Found 16 sling bullets and a chain mail.
No target in view!
No target in view!
You see here 16 sling bullets.
You pick up a book of Frost and begin reading...
You add the spells Freeze, Frozen Ramparts and Hailstorm to your library.
No target in view!
You open the door.
There is an open door here.
You open the door.
A frilled lizard comes into view.
The frilled lizard hisses angrily.
You hear a shout!
Found 6 gold pieces.
You reach to attack!
You miss the frilled lizard.
A goblin comes into view.
It is wielding a +1 dagger of electrocution.
There are monsters nearby!
You closely miss the frilled lizard. The frilled lizard barely misses you.
There are monsters nearby!
There are monsters nearby!
You barely miss the frilled lizard. The frilled lizard barely misses you.
You closely miss the frilled lizard.
The frilled lizard bites you but does no damage. x2
There are monsters nearby!
You closely miss the frilled lizard. The frilled lizard closely misses you.
There are monsters nearby!
You puncture the frilled lizard!
You kill the frilled lizard!
You hit the goblin but do no damage.
The goblin hits you with a +1 dagger of electrocution.
You are electrocuted!
Ouch! That really hurt!
You die...

## $.. ####### ....
#.....# ..... #..[..#
......########.....##
......g@.....'...(.>#
......########......#
..... ##...#.# ....
#####.# ... #.#### ..
#..... . #. ##.####
#. #.....# #. #..##.#


You could see a goblin.

Vanquished Creatures
  2 endoplasms (D:1)
  2 frilled lizards (D:1)
  A kobold (D:1)
5 creatures vanquished.

Notes
Turn   | Place    | Note
-------+----------+-------------------------------------------
     0 | D:1      | Demosthentine the Merfolk Gladiator began the quest for the
                  | Orb.
     0 | D:1      | Reached XP level 1. HP: 16/16 MP: 1/1
   137 | D:1      | Slain by a goblin

Illustrated notes

Levels and vault maps discovered:
D:1:      elethiomel_arrival_quiet, layout_basic

Action                   || total
-------------------------++-------
Melee: Trident           ||    12
 Stab: Sleeping          ||     2
Armor: Leather armour    ||     2
Dodge: Dodged            ||     3

Table legend: (Time is in decaauts)
 A = Elapsed time spent in this place.
 B = Non-inter-level travel time spent in this place.
 C = Inter-level travel time spent in this place.
 D = Time resting spent in this place.
 E = Time spent auto-exploring this place.
 F = Levels seen in this place.
 G = Mean time per level.
                   A        B        C        D        E       F      G
               +--------+--------+--------+--------+--------+-----+--------+
         Total |    137 |    137 |      0 |      0 |    112 |   1 |  137.0 |
       Dungeon |    137 |    137 |      0 |      0 |    112 |   1 |  137.0 |
               +--------+--------+--------+--------+--------+-----+--------+

Top non-repeatable levels by time:
     D:1: 137 daAuts
